 Dungeon Crawl Stone Soup version 0.26-a0-667-g92642533e4 (webtiles) character file.

Game seed: 10062428755219700940

98 somkeydreadnuts the Shooter (level 4, -2/23 HPs)
             Began as a Spriggan Hunter on Oct 17, 2020.
             Slain by a mummy (6 damage)
             ... in an ossuary.
             The game lasted 00:11:02 (3267 turns).

somkeydreadnuts the Shooter (Spriggan Hunter)       Turns: 3267, Time: 00:11:03

Health: -2/23      AC:  2    Str:  8 (10) XL:     4   Next: 44%
Magic:  5/5        EV: 20    Int: 10 (12) God:
Gold:   156        SH:  0    Dex: 17      Spells: 3/3 levels left

rFire    . . .     SeeInvis +   r - +0 short sword (venom)
rCold    . . .     Faith    .   (shield restricted)
rNeg     . . .     Spirit   .   c - +0 robe
rPois    .         Reflect  .   (helmet restricted)
rElec    .         Harm     .   (no cloak)
rCorr    .         Rampage  .   (gloves unavailable)
MR       .....                  (boots unavailable)
Stlth    +++.......             (no amulet)
HPRegen  0.07/turn              (no ring)
MPRegen  0.09/turn              (no ring)

@: very quick
A: very small, unfitting armour, see invisible, speed 3, strong 1
a: no special abilities


You were in an ossuary.
You visited 1 branch of the dungeon, and saw 4 of its levels.
You also visited: Ossuary.

You collected 156 gold pieces.

Inventory:

Hand Weapons
 a - a +1 shortbow
 f - a +0 hunting sling
 r - a +0 short sword of venom (weapon)
Missiles
 d - 39 arrows
 s - 62 stones (quivered)
Armour
 c - a +0 robe (worn)
Wands
 b - a wand of iceblast (6)
Scrolls
 g - a scroll of enchant weapon {unknown}
 k - 3 scrolls of remove curse {unknown}
 l - 2 scrolls of identify {unknown}
 m - a scroll of teleportation {unknown}
 o - a scroll of amnesia {unknown}
 q - a scroll of random uselessness {unknown}
 u - a scroll of fog {unknown}
Potions
 e - a potion of haste
 h - a potion of resistance {unknown}
 j - a potion of degeneration
 p - 2 potions of might {unknown}
 t - a potion of brilliance {unknown}


   Skills:
 - Level 1.6 Fighting
 - Level 5.4 Bows
 + Level 0.1 Throwing
 + Level 4.7 Dodging
 * Level 4.3 Stealth


You had 3 spell levels left.
You didn't know any spells.
Your spell library was empty.

Dungeon Overview and Level Annotations

Branches:
Dungeon (3/15)            Ossuary (1/1)

Altars:
Cheibriados


Innate Abilities, Weirdness & Mutations

You are very small and have problems with some larger weapons.
You are too small for most types of armour.
You have supernaturally acute eyesight. (SInv)
You cover ground extremely quickly.
Your muscles are strong. (Str +2)


Message History

You hit the mummy.
The mummy is almost destroyed.
The mummy misses you.
You hit the mummy.
You destroy the mummy!
There is a sand-covered staircase here.
The world spins around you as you enter the gateway.
You enter an ossuary!
Found a gate leading back out of this place.
There is an empty arch of ancient stone here.
A mummy opens the door.
There is an empty arch of ancient stone here.
You hit the mummy but do no damage. The mummy barely misses you.
You hit the mummy but do no damage. You barely miss the mummy.
The mummy closely misses you.
You barely miss the mummy. The mummy barely misses you.
You hit the mummy but do no damage. You barely miss the mummy.
The mummy closely misses you.
You hit the mummy but do no damage. The mummy hits you.
You die...

##### #
#...#.+
#.∩@M.#
#∩..#.+
##### #


You could see a mummy.

Vanquished Creatures
  A mummy (D:5)
  2 adders (D:2)
  3 worms
  A leopard gecko (D:2)
  5 bats
  5 giant cockroaches
  9 goblins
  5 hobgoblins
  13 kobolds
  A quokka (D:3)
  2 ball pythons (D:3)
  A frilled lizard (D:3)
  7 rats
55 creatures vanquished.

Vanquished Creatures (others)
  2 withered plants (Ossuary)
2 creatures vanquished.

Grand Total: 57 creatures vanquished

Notes
Turn   | Place    | Note
-------+----------+-------------------------------------------
     0 | D:1      | somkeydreadnuts the Spriggan Hunter began the quest for the
                  | Orb.
     0 | D:1      | Reached XP level 1. HP: 10/10 MP: 2/2
    90 | D:1      | Reached skill level 5 in Bows
   336 | D:1      | Reached XP level 2. HP: 15/15 MP: 3/3
  1181 | D:2      | Reached XP level 3. HP: 18/18 MP: 4/4
  1895 | D:2      | Gained mutation: Your muscles are strong. (Str +2) [potion
                  | of mutation]
  2360 | D:2      | Found a snail-covered altar of Cheibriados.
  2585 | D:2      | Reached XP level 4. HP: 22/23 MP: 5/5
  3210 | D:3      | You fall into a shaft and drop 2 floors!
  3210 | D:5      | Entered Level 5 of the Dungeon
  3223 | D:5      | Found a sand-covered staircase.
  3241 | Ossuary  | Entered an ossuary
  3267 | Ossuary  | Slain by a mummy

Illustrated notes

Levels and vault maps discovered:
D:1:      noname_arrival_rooms_in_the_neighbourhood, layout_rooms,
          minmay_hedge_maze, minmay_splitting_lines
D:2:      layout_loops_corners, cheibriados_altar_1
D:3:      layout_basic, doesnt_xom_only_xom
D:5:      layout_basic, minmay_temple_entry_ruins, gup_ossuary_entry_pyramid
Ossuary:  ossuary_zaba_flooded

Skill      XL: |  1  2  3  4 |
---------------+-------------+-----
Bows           | 5 |  5.4
Stealth        | 2 3 4 |  4.3
Dodging        | 4 |  4.7
Fighting       | |  1.6
Throwing       | |  0.1

Action                   |  1- 3 |  4- 6 || total
-------------------------+-------+-------++-------
Melee: Short sword       |   142 |    50 ||   192
 Fire: Shortbow          |    11 |     5 ||    16
Throw: Stone             |     7 |     3 ||    10
  Use: Potion            |     5 |       ||     5
 Stab: Sleeping          |     3 |     3 ||     6
Armor: Robe              |     9 |    13 ||    22
Dodge: Dodged            |   138 |    40 ||   178

Table legend: (Time is in decaauts)
 A = Elapsed time spent in this place.
 B = Non-inter-level travel time spent in this place.
 C = Inter-level travel time spent in this place.
 D = Time resting spent in this place.
 E = Time spent auto-exploring this place.
 F = Levels seen in this place.
 G = Mean time per level.
                   A        B        C        D        E       F      G
               +--------+--------+--------+--------+--------+-----+--------+
         Total |   2569 |   2540 |     29 |      0 |   1922 |   5 |  513.8 |
       Dungeon |   2544 |   2515 |     29 |      0 |   1906 |   4 |  636.0 |
       Ossuary |     25 |     25 |      0 |      0 |     16 |   1 |   25.0 |
               +--------+--------+--------+--------+--------+-----+--------+

Top non-repeatable levels by time:
     D:2: 1165 daAuts
     D:1: 945 daAuts
     D:3: 408 daAuts
     D:5: 25 daAuts
 Ossuary: 25 daAuts
